 Dungeon Crawl Stone Soup version 0.31.0-11-ge490571c62 (webtiles) character file.

Game seed: 14156081027602101751

190939 Khashishi the Marksfrog (level 18, -3/135 HPs)
             Began as a Barachi Hexslinger on Jan 29, 2024.
             Was the Champion of Hepliaklqana.
             Killed from afar by a deep elf high priest (39 damage)
             ... with damnation
             ... on level 3 of the Elven Halls.
             The game lasted 04:34:48 (17486 turns).

Khashishi the Marksfrog (Barachi Hexslinger)       Turns: 17486, Time: 04:34:48

Health: -3/135     AC: 13    Str: 13    XL:     18   Next: 0%
Magic:  12/29      EV: 21    Int: 10    God:    Hepliaklqana [******]
Gold:   1260       SH:  5    Dex: 22    Spells: 3/32 levels left

rFire   + + +        V - +0 orcbow of Uskayaw's Envy {speed, rF+++ Will+ Int-4 Stlth+}
rCold   . . .        (shield currently unavailable)
rNeg    . . .        N - +0 troll leather armour
rPois   +            x - +0 helmet
rElec   +            A - +2 cloak {Stlth+}
rCorr   +            z - +2 pair of gloves
SInv    .            R - +0 pair of boots
Will    ++...        n - amulet of reflection
Stlth   +++++        o - ring "Ovaquhoc" {Fly rElec rF+ rCorr Str+3}
HPRegen 1.22/turn    F - ring of poison resistance
MPRegen 0.21/turn

%: reflection
@: flying, slow
A: reduced essence, amphibious, slowness 1, strong legs 2, +LOS, screaming 1
a: Hop, Renounce Religion, Recall Ancestor, Ancestor Identity, Transference,
Idealise


You were on level 3 of the Elven Halls.
You worshipped Hepliaklqana.
Hepliaklqana was exalted by your worship.
You visited 5 branches of the dungeon, and saw 26 of its levels.
You visited the Abyss 1 time.
You also visited: Gauntlet.

You collected 2324 gold pieces.
You spent 1064 gold pieces at shops.

Inventory:

Hand Weapons
 g - a +0 longbow
 i - a +3 arbalest
 V - the +0 orcbow of Uskayaw's Envy (weapon) {speed, rF+++ Will+ Int-4 Stlth+}
   (You took it off a minotaur in a Gauntlet)

   Int-4:     It affects your intelligence (-4).
   rF+++:     It renders you almost immune to fire.
   Will+:     It increases your willpower.
   Stlth+:    It makes you more stealthy.
Missiles
 D - a throwing net
 K - 5 curare-tipped darts
Armour
 x - a +0 helmet (worn)
 z - a +2 pair of gloves (worn)
 A - a +2 cloak of stealth (worn)
 N - a +0 troll leather armour (worn)
 R - a +0 pair of boots (worn)
Jewellery
 n - an amulet of reflection (around neck)
 o - the ring "Ovaquhoc" (left hand) {Fly rElec rF+ rCorr Str+3}
   (You found it in a Gauntlet)

   [ring of flight]

   Str+3:     It affects your strength (+3).
   rF+:       It protects you from fire.
   rElec:     It insulates you from electricity.
   Fly:       It grants you flight.
   rCorr:     It protects you from acid and corrosion.
 q - a ring of ice
 y - a +6 ring of dexterity
 F - a ring of poison resistance (right hand)
 Q - a ring of wizardry
Wands
 a - a wand of flame (39)
 h - a wand of charming (10)
 s - a wand of mindburst (17)
 E - a wand of roots (28)
 T - a wand of quicksilver (4)
Scrolls
 c - 3 scrolls of torment
 j - 4 scrolls of teleportation
 k - 2 scrolls of blinking
 l - a scroll of butterflies
 m - 3 scrolls of fog
 t - 2 scrolls of immolation
 w - a scroll of brand weapon
 B - 6 scrolls of amnesia
 C - a scroll of poison
 G - 4 scrolls of vulnerability
 H - 2 scrolls of identify
 J - 4 scrolls of fear
 O - 2 scrolls of revelation
 P - 2 scrolls of enchant weapon
 U - 2 scrolls of silence
 W - 2 scrolls of noise
Potions
 b - 2 potions of haste
 d - a potion of attraction
 e - 2 potions of brilliance
 f - 7 potions of curing
 p - 2 potions of heal wounds
 r - 4 potions of mutation
 u - a potion of cancellation
 v - 2 potions of might
 I - 4 potions of lignification
 L - 3 potions of enlightenment
 X - 2 potions of resistance
Miscellaneous
 M - a condenser vane


   Skills:
 + Level 16.1 Fighting
 + Level 18.0 Ranged Weapons
 - Level 7.0 Armour
 + Level 12.5 Dodging
 - Level 5.0 Stealth
 + Level 7.6 Spellcasting
 + Level 17.2 Hexes
 - Level 3.0 Summonings
 - Level 3.0 Translocations
 - Level 3.0 Fire Magic
 - Level 2.0 Alchemy
 - Level 3.0 Invocations
 - Level 6.0 Evocations


You had 3 spell levels left.
You knew the following spells:

 Your Spells              Type           Power      Damage    Failure   Level
a - Jinxbite              Hex            76%        N/A       1%          2
b - Dazzling Flash        Conj/Hex       42%        N/A       1%          3
c - Cause Fear            Hex            19%        N/A       1%          4
d - Sigil of Binding      Hex            38%        N/A       1%          3
f - Inner Flame           Hex/Fire       24%        N/A       1%          3
v - Summon Mana Viper     Hex/Summ       24%        N/A       10%         5
y - Yara's Violent Unrav  Hex/Alch       11%        3d6       12%         5
D - Dimensional Bullseye  Hex/Tloc       12%        N/A       3%          4

Your spell library contained the following spells:

 Spells                   Type           Power      Damage    Failure   Level
 Ensorcelled Hibernation  Hex/Ice        42%        N/A       1%          2
 Confusing Touch          Hex            38%        N/A       1%          3
 Apportation              Tloc           18%        N/A       6%          1
 Summon Small Mammal      Summ           36%        N/A       6%          1
 Foxfire                  Conj/Fire      24%        2x1d5     12%         1
 Sting                    Conj/Alch      20%        1d4       14%         1
 Call Canine Familiar     Summ           9%         N/A       19%         3
 Kiss of Death            Conj/Necr      12%        2d6       22%         1
 Magic Dart               Conj           12%        1d3       22%         1
 Necrotise                Necr           12%        1d4       22%         1
 Sandblast                Erth           6%         2d5       22%         1
 Cigotuvi's Dreadful Rot  Necr/Alch/Air  10%        N/A       26%         2
 Searing Ray              Conj           6%         2d4       32%         2
 Static Discharge         Conj/Air       6%         3-4/arc   32%         2
 Hailstorm                Conj/Ice       3%         3d5       54%         3
 Passwall                 Erth           3%         N/A       54%         3
 Stone Arrow              Conj/Erth      6%         3d7       54%         3
 Enfeeble                 Hex            19%        N/A       16%         7
 Summon Blazeheart Golem  Fire/Summ      9%         N/A       54%         4
 Animate Armour           Summ/Erth      12%        N/A       75%         4
 Martyr's Knell           Necr/Summ      6%         N/A       75%         4
 Discord                  Hex            19%        N/A       77%         8
 Fulminant Prism          Conj/Alch      2%         3d5       82%         4
 Brom's Barrelling Bould  Conj/Erth      3%         2d3       91%         4
 Dispel Undead            Necr           3%         3d7       91%         4
 Freezing Cloud           Conj/Ice/Air   1%         6-21      99%         5
 Irradiate                Conj/Alch      2%         3d12      99%         5
 Conjure Ball Lightning   Conj/Air       1%         3x3d6     100%        6
 Death Channel            Necr           1%         N/A       100%        6
 Malign Gateway           Summ/Tloc      4%         N/A       100%        7
 Orb of Destruction       Conj           1%         9d5       100%        7
 Spellforged Servitor     Conj/Summ      3%         N/A       100%        7
 Disjunction              Tloc           4%         N/A       100%        8
 Ignition                 Fire           4%         3d4       100%        8
 Lehudib's Crystal Spear  Conj/Erth      1%         10d2      100%        8
 Polar Vortex             Ice            1%         N/A       100%        9


Dungeon Overview and Level Annotations

Branches:
Dungeon (15/15)            Temple (1/1) D:6            Lair (5/5) D:11
  Swamp (0/4) Lair:2        Snake (0/4) Lair:3        Slime (0/5) Lair:5
    Orc (2/2) D:9             Elf (3/3) Orc:2        Vaults (0/5) D:14
 Depths (0/4) D:15        Gauntlet (visited)

Altars:
Ashenzari
Cheibriados
Dithmenos
Elyvilon
Fedhas
Gozag
Hepliaklqana
Kikubaaqudgha
Makhleb
Nemelex Xobeh
Okawaru
Qazlal
Ru
Sif Muna
Trog
Uskayaw
Vehumet
Wu Jian
Xom
Yredelemnul
Zin
The Shining One
Jiyva
Lugonu

Shops:
D:5 *   D:12 (   D:15 ?   Orc:2 [*(:   Elf:1 ?

Portals:
Abyss: Lair:5

Annotations:
D:3 1 runed translucent door, hawla's ghost, amateur HOMo
D:4 Edmund
D:14 exclusion: upstairs
D:15 3 runed translucent doors, Boahovan's ghost, journeyman DsGl
Elf:2 3 runed translucent doors


Innate Abilities, Weirdness & Mutations

Your life essence is reduced to manifest your ancestor. (-10% HP)
You are amphibious.
You cover ground slowly.
You can hop long distances.
You have an extended range of vision and can be seen from far away.
You occasionally shout uncontrollably at your foes.


Message History

The arrow hits the starcursed mass!
The starcursed mass is almost destroyed.
Fire: V) +0 orcbow of Uskayaw's Envy {speed, rF+++ Will+ Int-4 Stlth+}
Press: ? - help, Q - select action, (/) - cycle Shift-Dir - straight line, f/p - starcursed mass
Aim: a starcursed mass (almost destroyed, 98% to hit)
You shoot an arrow. The arrow hits the starcursed mass!
The starcursed mass is almost destroyed.
Fire: V) +0 orcbow of Uskayaw's Envy {speed, rF+++ Will+ Int-4 Stlth+}
Press: ? - help, Q - select action, (/) - cycle Shift-Dir - straight line, f/p - starcursed mass
Aim: a starcursed mass (almost destroyed, 98% to hit)
You shoot an arrow. The arrow hits the starcursed mass.
The starcursed mass is almost destroyed.
The starcursed mass shrieks in your mind.
Fire: V) +0 orcbow of Uskayaw's Envy {speed, rF+++ Will+ Int-4 Stlth+}
Press: ? - help, Q - select action, (/) - cycle Shift-Dir - straight line, f/p - starcursed mass
Aim: a starcursed mass (almost destroyed, 98% to hit)
You shoot an arrow. The arrow hits the starcursed mass!!
You destroy the starcursed mass!
You have reached level 18!
The substance of the Abyss twists violently, and a gateway leading out appears!
The hellwing swoops through the air toward you!
The hellwing hits you. The hellwing closely misses you.
There is a gateway leading out of the Abyss here.
You see here a +0 vampiric demon whip.
The hellwing closely misses you. The hellwing hits you.
You pass through the gate.
Welcome back to the Elven Halls!
The deep elf blademaster barely misses you.
The deep elf blademaster hits you with a +0 rapier!
A deep elf high priest comes into view. It is wielding a +0 short sword.
The deep elf blademaster misses you.
The deep elf blademaster barely misses you.
The deep elf blademaster hits you but does no damage.
The deep elf blademaster hits you with a +0 quick blade!
The deep elf blademaster hits you but does no damage.
The deep elf blademaster hits you with a +0 rapier!
* * * LOW HITPOINT WARNING * * *
The deep elf high priest invokes the aid of its god against you.
The sphere of damnation explodes!
The damnation engulfs you!!!
You die...

****,,,e.,,**** **##e#***
#[)* #e#* #####
#####.####...# #....!...#...#
### #........#...# ##.##
##....e..###'# ##...##
#...@...# #.# #.....#
##.4e..## #.# ##...##
##.<...# #.# #'#.## ##'#...##
#.# .#### ### ##.##...# ##'##
#######.###.####.## #...#
#####.....'## #.# #...#
###.........# #######...####
###.........#######......)..#


You could see 2 deep elf blademasters, a deep elf sorcerer, 2 deep elf high
priests and a hellwing.

Vanquished Creatures
  Asterion (Elf:1)
  A deep elf master archer (Elf:3)
  Agnes (Elf:1)
  A frost giant (D:15)
  2 deep elf sorcerers
  A deep elf elementalist (Elf:3)
  A balrug (Abyss:3)
  A very ugly thing (Abyss:3)
  A stone giant (Orc:2)
  A deep elf demonologist (Elf:3)
  2 deep elf death magi (Elf:2)
  A starcursed mass (Abyss:3)
  A lorocyproca (Abyss:3)
  3 deep elf annihilators
  Azrael (D:13)
  3 ettins (Orc:2)
  An entropy weaver (shapeshifter) (D:15)
  A vault guard (D:14)
  3 catoblepae
  A spriggan zombie (Abyss:3)
  4 hydras
  17 dancing weapons
  2 two-headed ogres
  7 centaur warriors
  8 boulder beetles
  A deep troll earth mage (D:15)
  3 thrashing horrors (Lair:5)
  Sonja (D:13)
  2 skysharks
  11 deep elf knights
  An arcanist (D:15)
  11 deep elf archers
  3 orc knights
  A harpy (shapeshifter) (D:15)
  3 large abominations
  33 deep elf pyromancers
  22 deep elf zephyrmancers
  A wolf spider (D:15)
  2 ugly things
  An orc sorcerer (Orc:2)
  A shining eye (Abyss:3)
  13 cyclopes
  A manticore (D:15)
  5 kobold blastminers
  6 elephants
  5 black mambas
  Maurice (D:8)
  A molten gargoyle (Gauntlet)
  6 cane toads
  An apocalypse crab (Abyss:3)
  3 gargoyles
  2 kobold demonologists (D:10)
  5 smoke demons
  2 rime drakes
  An efreet (D:15)
  A hellion (Abyss:3)
  An unseen horror (D:11)
  9 komodo dragons
  3 tengu conjurers
  A hellwing (Abyss:3)
  A queen bee (shapeshifter) (D:14)
  A wolf spider simulacrum (D:13)
  2 trolls
  A tarantella (shapeshifter) (D:13)
  3 polar bears
  5 raiju
  3 hornets
  29 blink frogs
  5 dream sheep
  A meliai zombie (D:10)
  A slime creature (D:15)
  A centaur simulacrum (D:15)
  Sigmund (D:4)
  An air elemental (Elf:2)
  3 ynoxinuls (Lair:5)
  4 fire elementals
  42 yaks
  A vampire (D:11)
  6 water elementals
  3 wyverns
  A yak (shapeshifter) (Lair:5)
  5 wargs
  A steam dragon (Lair:1)
  Grum (D:8)
  3 hogs (D:13)
  9 basilisks
  A chaos spawn (Abyss:3)
  A neqoxec (Abyss:3)
  7 vampire mosquitoes
  A harpy simulacrum (D:15)
  9 small abominations
  Duvessa (D:4)
  An acid dragon (D:9)
  16 water moccasins
  2 hell hounds (D:13)
  A laughing skull (D:15)
  10 orc warriors
  2 sky beasts
  An ice beast (D:6)
  A boggart (D:15)
  An ogre (Orc:2)
  12 wolves
  9 centaurs
  A centaur (shapeshifter) (D:15)
  3 kobold brigands
  6 bullfrogs
  5 earth elementals
  7 scorpions
  A brain worm (Abyss:3)
  A wyvern zombie (D:8)
  11 wights
  Dowan (D:4)
  5 killer bees (D:7)
  A howler monkey (D:12)
  5 electric eels (D:10)
  A crimson imp (D:9)
  11 centaur zombies
  A gnoll bouda (D:5)
  2 hounds
  9 orc priests
  Crazy Yiuf (D:3)
  9 jellies
  4 iguanas
  17 orc wizards
  2 howler monkey zombies (D:8)
  18 adders
  17 gnolls
  2 shadow imps
  A white imp (D:8)
  6 ufetubi
  6 dart slugs
  68 orcs
  7 ball pythons
  13 endoplasms
  3 giant cockroaches
  3 hobgoblins
  3 jackals
  4 quokkas
  8 bats
  3 frilled lizards
  10 goblins
  13 kobolds
  5 rats
  A spectral weapon (Elf:1)
735 creatures vanquished.

Vanquished Creatures (collateral kills)
  Kirke (D:13)
  A deep elf annihilator (Elf:3)
  A minotaur (Gauntlet)
  A deep elf high priest (Elf:3)
  A hydra (D:15)
  A centaur warrior (D:15)
  3 dancing weapons
  2 catoblepae
  A boulder beetle (D:15)
  A tengu warrior (Gauntlet)
  2 deep elf knights (Elf:1)
  6 deep elf archers
  An orc knight (Orc:1)
  3 deep elf pyromancers
  3 deep elf zephyrmancers
  An ugly thing (Lair:5)
  A manticore (D:12)
  2 cyclopes (Orc:2)
  A will-o-the-wisp (Abyss:3)
  A centaur zombie (D:10)
  An elephant (Lair:2)
  A smoke demon (Lair:5)
  A molten gargoyle (Gauntlet)
  A torpor snail (Lair:4)
  A gargoyle (D:10)
  4 cane toads
  An unseen horror (Abyss:3)
  3 large abominations
  A freezing wraith (Abyss:3)
  An unseen horror (shapeshifter) (D:15)
  A komodo dragon (D:11)
  A tengu conjurer (D:14)
  3 trolls
  2 polar bears
  9 blink frogs
  A raiju (Lair:5)
  A dream sheep (Lair:5)
  2 wraiths
  4 fire elementals (D:13)
  2 wargs (Orc:1)
  4 yaks
  A water moccasin (D:8)
  5 orc warriors
  An ogre (Orc:2)
  A wolf (Lair:1)
  4 centaurs
  4 bullfrogs
  2 earth elementals (Elf:1)
  5 small abominations
  3 wights (D:9)
  3 jellies (Lair:5)
  5 orc wizards
  A howler monkey zombie (D:8)
  14 orcs
  2 kobolds (D:9)
  A lurking horror (Abyss:3)
131 creatures vanquished.

Vanquished Creatures (others)
  A blink frog (Lair:5)
  15 knights
  An ancestor (D:8)
  5 foxfires (Abyss:3)
22 creatures vanquished.

Grand Total: 888 creatures vanquished

Notes
Turn   | Place    | Note
-------+----------+-------------------------------------------
     0 | D:1      | Khashishi the Barachi Hexslinger began the quest for the
                  | Orb.
     0 | D:1      | Reached XP level 1. HP: 15/15 MP: 2/2
    83 | D:1      | Reached XP level 2. HP: 21/22 MP: 3/3
   106 | D:1      | Learned a level 2 spell: Jinxbite
   363 | D:1      | Reached XP level 3. HP: 27/28 MP: 4/4
   580 | D:2      | Reached skill level 3 in Ranged Weapons
   678 | D:2      | Identified the +0 robe "Ruzubrudgh" {rN+ rCorr Int+3}
   882 | D:2      | Reached XP level 4. HP: 35/35 MP: 2/5
  1004 | D:3      | Found a runed translucent door.
  1009 | D:3      | Noticed hawla's ghost (amateur HOMo)
  1384 | D:3      | Reached XP level 5. HP: 37/41 MP: 3/6
  1522 | D:3      | Found a runed translucent door.
  1523 | D:3      | Noticed Crazy Yiuf
  1537 | D:3      | Killed Crazy Yiuf
  1595 | D:4      | Noticed Duvessa
  1595 | D:4      | Noticed Dowan
  1612 | D:3      | Reached skill level 4 in Ranged Weapons
  1668 | D:4      | Reached skill level 5 in Hexes
  1668 | D:4      | Reached XP level 6. HP: 47/47 MP: 4/7
  1672 | D:4      | Learned a level 3 spell: Inner Flame
  1715 | D:4      | Killed Duvessa
  1718 | D:4      | Killed Dowan
  1755 | D:4      | Reached XP level 7. HP: 41/52 MP: 2/10
  1789 | D:4      | Found a broken altar of Ashenzari.
  1794 | D:4      | Noticed Edmund
  1849 | D:4      | Found a hazy altar of Hepliaklqana.
  1855 | D:4      | Became a worshipper of Hepliaklqana the Forgotten
  1901 | D:4      | Learned a level 4 spell: Cause Fear
  1945 | D:4      | Reached skill level 5 in Ranged Weapons
  2087 | D:4      | Noticed Sigmund
  2097 | D:4      | Killed Sigmund
  2148 | D:4      | Found a shimmering blue altar of Sif Muna.
  2189 | D:5      | Entered Level 5 of the Dungeon
  2338 | D:5      | Reached XP level 8. HP: 46/60 MP: 7/12
  2387 | D:5      | Got the Annotations on Accomplices and Spellbinding
  2396 | D:5      | Learned a level 3 spell: Sigil of Binding
  2447 | D:5      | Found Dimn's Assorted Antiques.
  2454 | D:5      | Bought a runed copper wand for 96 gold pieces
  2454 | D:5      | Bought a twisted soapstone amulet for 120 gold pieces
  2609 | D:5      | Reached skill level 6 in Ranged Weapons
  2780 | D:5      | Found an iron altar of Okawaru.
  2915 | D:6      | Reached skill level 1 in Armour
  2942 | D:6      | Found a sacrificial altar of Ru.
  3230 | D:6      | Reached skill level 7 in Ranged Weapons
  3289 | D:6      | Found a staircase to the Ecumenical Temple.
  3296 | Temple   | Entered the Ecumenical Temple
  3339 | D:6      | Reached XP level 9. HP: 46/65 MP: 6/13
  3629 | D:7      | Reached skill level 1 in Evocations
  3630 | D:7      | Reached * piety under Hepliaklqana
  3858 | D:8      | Noticed Maurice
  3865 | D:8      | Killed Maurice
  3866 | D:8      | Reached skill level 8 in Ranged Weapons
  3904 | D:8      | Found a radiant altar of Vehumet.
  4010 | D:8      | Reached ** piety under Hepliaklqana
  4011 | D:8      | Remembered your ancestor Nindada as a knight
  4292 | D:8      | Noticed Grum
  4298 | D:8      | Killed Grum
  4299 | D:8      | Reached skill level 5 in Fighting
  4299 | D:8      | Reached XP level 10. HP: 66/66 MP: 10/14
  4686 | D:9      | Reached skill level 5 in Evocations
  4707 | D:9      | Found a staircase to the Orcish Mines.
  4758 | D:9      | Reached skill level 9 in Ranged Weapons
  4775 | D:9      | Reached skill level 10 in Hexes
  4868 | D:9      | Found a burning altar of Makhleb.
  4872 | D:9      | Found a shimmering altar of Xom.
  4966 | D:9      | Reached *** piety under Hepliaklqana
  5003 | D:9      | Learned a level 4 spell: Dimensional Bullseye
  5096 | D:10     | Entered Level 10 of the Dungeon
  5109 | D:10     | Noticed a gargoyle
  5139 | D:10     | Reached skill level 1 in Translocations
  5204 | D:10     | Noticed a gargoyle
  5205 | D:10     | Noticed a two-headed ogre
  5209 | D:10     | Killed a gargoyle
  5226 | D:10     | Killed a two-headed ogre
  5227 | D:10     | Reached skill level 5 in Spellcasting
  5227 | D:10     | Reached XP level 11. HP: 72/72 MP: 15/18
  5299 | D:10     | Reached skill level 1 in Stealth
  5330 | D:10     | Reached skill level 10 in Ranged Weapons
  5394 | D:10     | Reached skill level 5 in Dodging
  5405 | D:10     | Found a basalt altar of Yredelemnul.
  5737 | D:10     | Found a glowing golden altar of the Shining One.
  6013 | D:11     | Noticed a red ugly thing
  6026 | D:11     | Killed a red ugly thing
  6032 | D:11     | Reached XP level 12. HP: 79/79 MP: 15/21
  6046 | D:11     | Reached skill level 11 in Ranged Weapons
  6077 | D:11     | Got the Octavo of the Flammable Entourage
  6088 | D:11     | Noticed a boulder beetle
  6100 | D:11     | Killed a boulder beetle
  6200 | D:11     | Found a staircase to the Lair.
  6210 | Lair:1   | Entered Level 1 of the Lair of Beasts
  6389 | Lair:1   | Reached **** piety under Hepliaklqana
  6432 | Lair:1   | Noticed an eight-headed hydra
  6439 | Lair:1   | Killed an eight-headed hydra
  6440 | Lair:1   | Reached skill level 12 in Ranged Weapons
  6440 | Lair:1   | Reached skill level 1 in Invocations
  6557 | Lair:1   | Found an ancient bone altar of Kikubaaqudgha.
  6733 | Lair:2   | Noticed a skyshark
  6742 | Lair:2   | Killed a skyshark
  6814 | Lair:2   | Identified the +7 glaive of Asuetru {elec, Dex+3 Stlth-}
  6911 | Lair:2   | Gained mutation: You can hop long distances. [Barachi
                  | growth]
  6911 | Lair:2   | Reached XP level 13. HP: 86/86 MP: 20/22
  6996 | Lair:2   | Reached ***** piety under Hepliaklqana
  7026 | Lair:2   | Found a staircase to the Swamp.
  7498 | Lair:3   | You are sucked into a shaft and drop 2 floors!
  7498 | Lair:5   | Entered Level 5 of the Lair of Beasts
  7815 | Lair:5   | Reached skill level 13 in Ranged Weapons
  8086 | Lair:5   | Reached XP level 14. HP: 98/98 MP: 23/23
  8090 | Lair:5   | Learned a level 3 spell: Dazzling Flash
  8200 | Lair:5   | Reached skill level 10 in Fighting
  8211 | Lair:5   | Found a corrupted altar of Lugonu.
  8211 | Lair:5   | Found a one-way gate to the infinite horrors of the Abyss.
  8269 | Lair:5   | Got an earthy gem with 1478 turns to spare
  8396 | Lair:5   | Found a staircase to the Slime Pits.
  8397 | Lair:5   | Found a viscous altar of Jiyva.
  8793 | Lair:4   | Learned a level 5 spell: Summon Mana Viper
  8881 | Lair:4   | Reached skill level 1 in Summonings
  9011 | Lair:4   | Reached skill level 10 in Dodging
  9132 | Lair:3   | Reached skill level 15 in Hexes
  9256 | Lair:3   | Found a staircase to the Snake Pit.
  9708 | Lair:4   | Reached skill level 14 in Ranged Weapons
  9953 | D:12     | Found Etutiad's Weapon Emporium.
 10016 | D:13     | Noticed Sonja
 10020 | D:13     | Killed Sonja
 10136 | D:14     | Identified the +0 scale mail "Suiskuor" {Rampage Will++
                  | rCorr Str-2}
 10263 | D:14     | Found a gate to the Vaults.
 10284 | D:14     | Identified the +4 short sword "Pahapyskou" {drain, *Noise
                  | rPois Str+4 Int+7}
 10438 | D:15     | Entered Level 15 of the Dungeon
 10474 | D:15     | Reached XP level 15. HP: 107/107 MP: 24/24
 10477 | D:15     | Found a gate leading to a gauntlet.
 10505 | D:15     | Found Jaimam's Magic Scroll Boutique.
 10525 | D:15     | Bought a scroll of enchant armour for 127 gold pieces
 10569 | Gauntlet | Entered a Gauntlet
 10569 | Gauntlet | Found a transporter.
 10569 | Gauntlet | Found a transporter.
 10569 | Gauntlet | Found a transporter.
 10580 | Gauntlet | Found a transporter.
 10583 | Gauntlet | Found a transporter.
 10596 | Gauntlet | Found a transporter.
 10597 | Gauntlet | Found a transporter.
 10613 | Gauntlet | Found a transporter.
 10627 | Gauntlet | Found a transporter.
 10632 | Gauntlet | Found a transporter.
 10635 | Gauntlet | Found a transporter.
 10654 | Gauntlet | Found a transporter.
 10791 | Gauntlet | Identified the ring "Ovaquhoc" {Fly rElec rF+ rCorr Str+3}
 10975 | Gauntlet | Identified the +0 orcbow of Uskayaw's Envy {speed, rF+++
                  | Will+ Int-4 Stlth+}
 10994 | Gauntlet | Reached skill level 5 in Armour
 11318 | D:15     | Found a runed translucent gate.
 11318 | D:15     | Found a runed translucent gate.
 11319 | D:15     | Found a runed translucent gate.
 11323 | D:15     | Noticed Boahovan's ghost (journeyman DsGl)
 11370 | D:15     | Noticed a frost giant
 11382 | D:15     | Killed a frost giant
 11522 | D:15     | Identified the +12 short sword of Defilement {distort,
                  | Will- Str+5 Int-2 Dex+3 SInv}
 11558 | D:15     | Got Ragas's Tome of Refrigeration
 11737 | D:15     | Found a staircase to the Depths.
 11745 | D:15     | Got a smoky gem with 427 turns to spare
 11824 | D:14     | Found a shimmering altar of Xom.
 11824 | D:14     | Found a shimmering altar of Xom.
 11824 | D:14     | Found a shimmering altar of Xom.
 11825 | D:14     | Found a shimmering altar of Xom.
 11825 | D:14     | Found a shimmering altar of Xom.
 11826 | D:14     | Found a shimmering altar of Xom.
 11826 | D:14     | Found a shimmering altar of Xom.
 11827 | D:14     | Found a shimmering altar of Xom.
 11850 | D:13     | Reached ****** piety under Hepliaklqana
 11887 | D:13     | Noticed Azrael
 11913 | D:13     | Killed Azrael
 12058 | D:13     | Noticed Kirke
 12068 | D:13     | Killed Kirke
 13058 | Orc:1    | Entered Level 1 of the Orcish Mines
 13098 | Orc:1    | Reached skill level 15 in Ranged Weapons
 13442 | Orc:2    | Entered Level 2 of the Orcish Mines
 13442 | Orc:2    | Found Tothodi's General Store.
 13462 | Orc:2    | Reached XP level 16. HP: 116/116 MP: 21/25
 13480 | Orc:2    | Bought a scroll of identify for 28 gold pieces
 13480 | Orc:2    | Bought 2 potions of resistance for 280 gold pieces
 13514 | Orc:2    | Found Zaziast's Antique Weapon Shoppe.
 13683 | Orc:2    | Found a staircase to the Elven Halls.
 13893 | Orc:2    | Found Kemeko's Book Emporium.
 13936 | Orc:2    | Found Mynaynae's Antique Armour Boutique.
 13945 | Orc:2    | Bought a dazzling scale mail for 252 gold pieces
 13945 | Orc:2    | Identified the +0 scale mail "Eselep" {Will++ Dex-5} (You
                  | bought it in a shop on level 2 of the Orcish Mines)
 14155 | Elf:1    | Entered Level 1 of the Elven Halls
 14455 | Elf:1    | Reached skill level 1 in Alchemy
 14490 | Elf:1    | Found a radiant altar of Vehumet.
 14533 | Elf:1    | Found Caokyb's Magic Scroll Emporium.
 14536 | Elf:1    | Bought a scroll of enchant weapon for 105 gold pieces
 14536 | Elf:1    | Bought a scroll of fear for 56 gold pieces
 14679 | Elf:1    | Noticed Agnes
 14688 | Elf:1    | Killed Agnes
 14834 | Elf:1    | Learned a level 5 spell: Yara's Violent Unravelling
 15069 | Elf:1    | Reached skill level 16 in Ranged Weapons
 15168 | Elf:1    | Noticed Asterion
 15182 | Elf:1    | Noticed an Executioner
 15183 | Elf:1    | Killed Asterion
 15402 | Elf:2    | Paralysed by an air elemental for 1 turns
 15410 | Elf:2    | Reached XP level 17. HP: 73/125 MP: 4/27
 15633 | Elf:2    | Reached skill level 17 in Ranged Weapons
 15843 | Elf:2    | Found a runed translucent gate.
 15843 | Elf:2    | Found a runed translucent gate.
 15843 | Elf:2    | Found a runed translucent gate.
 15923 | Elf:2    | Reached skill level 15 in Fighting
 16293 | Elf:2    | Got the Thoughts on Concussion
 16336 | Elf:3    | Entered Level 3 of the Elven Halls
 16522 | Elf:3    | Found an ancient bone altar of Kikubaaqudgha.
 16978 | Elf:3    | Noticed a deep elf master archer
 16984 | Elf:3    | Killed a deep elf master archer
 16985 | Elf:3    | Reached skill level 18 in Ranged Weapons
 16987 | Elf:3    | Noticed a deep elf blademaster
 16990 | Elf:3    | Noticed a deep elf blademaster
 16990 | Abyss:3  | Cast into level 3 of the Abyss (a deep elf sorcerer)
 16993 | Abyss:3  | Found a corrupted altar of Lugonu.
 17002 | Abyss:3  | Noticed a tentacled starspawn
 17008 | Abyss:3  | Found a corrupted altar of Lugonu.
 17040 | Abyss:3  | Found a shimmering altar of Xom.
 17040 | Abyss:3  | Found a shimmering altar of Xom.
 17040 | Abyss:3  | Found a corrupted altar of Lugonu.
 17040 | Abyss:3  | Found a shimmering altar of Xom.
 17041 | Abyss:3  | Found a shimmering altar of Xom.
 17041 | Abyss:3  | Found a shimmering altar of Xom.
 17041 | Abyss:3  | Found a shimmering altar of Xom.
 17041 | Abyss:3  | Found a shimmering altar of Xom.
 17041 | Abyss:3  | Found a shimmering altar of Xom.
 17051 | Abyss:3  | Found a shimmering altar of Xom.
 17051 | Abyss:3  | Found a shimmering altar of Xom.
 17051 | Abyss:3  | Found a shimmering altar of Xom.
 17052 | Abyss:3  | Found a shimmering altar of Xom.
 17052 | Abyss:3  | Found a shimmering altar of Xom.
 17052 | Abyss:3  | Found a shimmering altar of Xom.
 17163 | Abyss:3  | Paralysed by you for 1 turns
 17420 | Abyss:3  | Reached skill level 5 in Stealth
 17466 | Abyss:3  | Gained mutation: You occasionally shout uncontrollably at
                  | your foes. [a neqoxec]
 17484 | Abyss:3  | Reached XP level 18. HP: 72/135 MP: 11/29
 17486 | Elf:3    | Escaped the Abyss
 17486 | Elf:3    | Killed from afar by a deep elf high priest

Illustrated notes

Levels and vault maps discovered:
D:1:      lightli_arrival_noodles, layout_rooms, minmay_tall_x
D:2:      layout_rooms, serial_glass, glass_columns_c, glass_columns_a,
          feat_on_display, minmay_strange_pillars
D:3:      layout_loops_ring, ebering_ghost_sewer_d, uniq_crazy_yiuf_cottage
D:4:      minmay_bubble_buster, layout_basic, hellmonk_sif_muna_bookshelves,
          nicolae_ashenzari_skybound, lemuel_round_altar,
          minmay_stone_trees_medium, uniq_edmund, uniq_duvessa, uniq_sigmund
D:5:      layout_loops_cross, mainiacjoe_overflow_cross_hatched, serial_shops,
          shop_fountains, kennysheep_generic_room_15
D:6:      layout_basic, hangedman_ru_absence, temple_fountains,
          kennysheep_small_square
D:7:      layout_cave_pools
D:8:      layout_gridville, lemuel_tele_altar, serial_undead, serial_undead_a,
          serial_undead_e, serial_undead_f, serial_undead_b, uniq_maurice,
          uniq_grum
D:9:      layout_loops_ring, grunt_temple_overflow_champion_of_chaos,
          minmay_orc_entry_guard_dogs
D:10:     layout_basic, nicolae_yredelemnul_corpse_copse, tso_metal_star
D:11:     layout_rooms, grunt_lair_entry_orc_guard_hut
D:12:     layout_loops_ring, serial_shops, nicolae_stop_n_shop_1
D:13:     layout_gridville, uniq_kirke, uniq_sonja, uniq_azrael
D:14:     kennysheep_cluttered_fort, layout_gridville, erik_vaults_1,
          xom_shifter_show, kennysheep_generic_room_12
D:15:     hellmonk_depths_entry_around_the_bend, layout_cave_pools,
          serial_shops, nicolae_shop_trees, gammafunk_ghost_necromancy,
          gauntlet_entry_generic, nicolae_concentric_dashed_squares_wild,
          minmay_the_grid_square_5x5_3x3_mashed [minmay_the_grid_square_5x5_tie,
          minmay_the_grid_square_5x5_hourglass,
          minmay_the_grid_square_5x5_empty,
          minmay_the_grid_square_5x5_fancy_junction,
          minmay_the_grid_square_5x5_megaprize_checkered,
          minmay_the_grid_square_5x5_three_small,
          minmay_the_grid_square_5x5_half_checkered,
          minmay_the_grid_square_5x5_almost_minimal,
          minmay_the_grid_square_5x5_hollow_slash]
Temple:   chequers_temple_sunken
Lair:1:   layout_gridlike, basic_altar, serial_bayou_shore_b, lemuel_fruit_tree,
          lemuel_fruit_fields, grunt_megastairs_3
Lair:2:   layout_chaotic_city, swamp_mist
Lair:3:   layout_small_grid, dummy_snake_entry, grunt_megastairs_1,
          infiniplex_staircase_pool_2
Lair:4:   minmay_lair_venomous_thicket, layout_cave_pods, st_stairs_9
Lair:5:   hellmonk_lair_end_abyssal_woods, layout_misc_corridors,
          minmay_slime_entry_jelly_boxes
Orc:1:    layout_caves
Orc:2:    grunt_orc_gardens, layout_diamond_mine, grunt_orc_garden,
          grunt_orc_garden, grunt_orc_garden, grunt_orc_garden
Elf:1:    eino_elf_arrival_the_gate, layout_geoelf_grid, serial_shops, shop,
          basic_altar, evilmike_minifort, drop_trap, uniq_asterion, uniq_agnes
Elf:2:    nicolae_elf_blades_crystal_corner, layout_geoelf_grid,
          minmay_elf_annihilation
Elf:3:    minmay_elf_hall_furrowed, layout_geoelf_octagon, basic_altar

Skill      XL: |  1  2  3  4  5  6  7  8  9 10 11 12 13 14 15 16 17 |
---------------+----------------------------------------------------+-----
Fighting       | 2 3 4 5 6 7 9 11 12 14 16 | 16.1
Ranged Weapons | 3 4 5 7 8 9 10 12 13 14 15 16 18 | 18.0
Hexes          | 4 5 6 7 9 10 11 13 14 15 16 17 | 17.2
Fire Magic     | 2 3 |  3.0
Spellcasting   | 2 3 5 6 7 |  7.6
Dodging        | 3 6 8 10 12 | 12.5
Armour         | 2 4 7 |  7.0
Evocations     | 4 5 6 |  6.0
Translocations | 3 |  3.0
Stealth        | 2 5 |  5.0
Invocations    | 2 3 |  3.0
Summonings     | 3 |  3.0
Alchemy        | 2 |  2.0

Action                     |  1- 3 |  4- 6 |  7- 9 | 10-12 | 13-15 | 16-18 || total
---------------------------+-------+-------+-------+-------+-------+-------++-------
  Melee: Orcbow            |       |       |       |       |       |     1 ||     1
   Fire: Sling             |   140 |    96 |   188 |       |       |       ||   424
         Shortbow          |       |       |   132 |   354 |   657 |       ||  1143
         Orcbow            |       |       |       |       |   405 |   977 ||  1382
  Throw: Dart              |       |       |       |       |       |     1 ||     1
   Cast: Jinxbite          |     2 |    22 |    69 |    57 |   105 |    24 ||   279
         Inner Flame       |       |       |     8 |    31 |    67 |    44 ||   150
         Cause Fear        |       |       |     6 |     1 |     6 |     1 ||    14
         Sigil of Binding  |       |       |     4 |     2 |     4 |     1 ||    11
         Dimensional Bulls |       |       |       |     5 |    16 |    34 ||    55
         Summon Mana Viper |       |       |       |       |     6 |     5 ||    11
         Dazzling Flash    |       |       |       |       |     1 |       ||     1
         Yara's Violent Un |       |       |       |       |       |    17 ||    17
 Invoke: Ancestor Life: Kn |       |       |     1 |       |       |       ||     1
         Recall Ancestor   |       |       |       |     1 |     3 |     3 ||     7
         Transference      |       |       |       |       |     9 |     1 ||    10
         Idealise          |       |       |       |       |     1 |       ||     1
Ability: Hop               |       |     3 |     7 |     3 |     7 |     8 ||    28
  Evoke: Wand              |       |     4 |     4 |     8 |     9 |     4 ||    29
         Condenser vane    |       |       |       |       |     1 |       ||     1
    Use: Scroll            |       |     2 |     9 |     9 |    13 |    12 ||    45
         Potion            |       |     3 |       |       |     5 |     7 ||    15
 Armour: Ring mail         |    70 |       |       |       |       |       ||    70
         Robe              |       |    30 |    98 |    36 |       |       ||   164
         Troll leather arm |       |       |       |    31 |   120 |   124 ||   275
  Dodge: Dodged            |    52 |    28 |    89 |    52 |   163 |   140 ||   524
  Block: Other             |       |       |       |       |    17 |    25 ||    42
         Reflection        |       |       |       |       |     7 |    10 ||    17
